 Dungeon Crawl Stone Soup version 0.29-a0-1052-g6990b1bffc (webtiles) character file.

Game seed: 9882961783727201414

122 siradein the Grave Robber (level 4, -5/34 HPs)
             Began as a Demonspawn Necromancer on Aug 18, 2022.
             Slain by a gnoll
             ... wielding a +0 halberd
              (11 damage)
             ... on level 3 of the Dungeon.
             The game lasted 00:06:48 (2427 turns).

siradein the Grave Robber (Demonspawn Necromancer)  Turns: 2427, Time: 00:06:49

Health: -5/34      AC:  3    Str:  9    XL:     4   Next: 78%
Magic:  3/7        EV: 11    Int: 18    God:
Gold:   115        SH:  0    Dex: 13    Spells: 2/7 levels left

rFire   . . .      SeeInvis .     - Unarmed
rCold   . . .      Faith    .   (no shield)
rNeg    . . .      Spirit   .   f - +0 leather armour
rPois   .          Reflect  .   (helmet restricted)
rElec   .          Harm     .   (no cloak)
rCorr   .          Rampage  .   (no gloves)
Will    .....                   (no boots)
Stlth   ++........              (no amulet)
HPRegen 0.11/turn               (no ring)
MPRegen 0.10/turn               (no ring)

@: no status effects
A: horns 1, spiny 2
a: no special abilities


You were on level 3 of the Dungeon.
You visited 1 branch of the dungeon, and saw 3 of its levels.

You collected 115 gold pieces.

Inventory:

Armour
 f - a +0 leather armour (worn)
Scrolls
 c - a scroll of poison {unknown}
 d - 4 scrolls of teleportation
 e - a scroll of fear
 g - a scroll of magic mapping
 h - 2 scrolls of vulnerability {unknown}
 i - 2 scrolls of blinking {unknown}
 j - a scroll of identify
Potions
 a - 2 potions of curing {unknown}
 b - a potion of magic
 k - a potion of might {unknown}


   Skills:
 + Level 2.6 Fighting
 - Level 1.7 Dodging
 - Level 1.7 Stealth
 + Level 1.6 Unarmed Combat
 - Level 2.0 Spellcasting
 + Level 5.4 Necromancy


You had 2 spell levels left.
You knew the following spells:

 Your Spells              Type           Power      Damage    Failure   Level
a - Necrotise             Necr           84%        1d8       2%          1
b - Animate Dead          Necr           21%        N/A       26%         4

Your spell library contained the following spells:

 Spells                   Type           Power      Damage    Failure   Level
 Foxfire                  Conj/Fire      4%         2x1d4     26%         1
 Scorch                   Fire           2%         2d5       36%         2
 Vampiric Draining        Necr           21%        2d7       9%          3
 Conjure Flame            Conj/Fire      1%         6-21      58%         3
 Inner Flame              Hex/Fire       1%         N/A       58%         3
 Agony                    Necr           21%        N/A       58%         5
 Flame Wave               Conj/Fire      1%         2d4       94%         4
 Summon Lightning Spire   Summ/Air       1%         N/A       94%         4
 Summon Cactus Giant      Summ           0%         N/A       100%        6
 Storm Form               Tmut/Air       0%         N/A       100%        7
 Maxwell's Capacitive Co  Air            0%         ∞         100%        8


Dungeon Overview and Level Annotations

Branches:
Dungeon (3/15)

Altars:
Qazlal

Shops:
D:1 (:[=   D:3 ?

Annotations:
D:3 3 runed translucent doors, ragingrage's ghost, weakling MiDe


Innate Abilities, Weirdness & Mutations

You have a pair of small horns on your head.
You are mostly covered in sharp spines.


Message History

Your adder skeleton bites the gnoll.
The gnoll hits your adder skeleton with a +0 club.
You hit the gnoll.
You headbutt the gnoll, but do no damage.
The gnoll is almost dead.
Your adder skeleton bites the gnoll.
The gnoll dies!
A gnoll comes into view. It is wielding a +0 flail.
Your adder skeleton crumbles into dust!
The gnoll attacks as you move away! The gnoll is struck by your spines.
The gnoll closely misses you. The gnoll attacks as you move away!
The gnoll hits you with a +0 flail.
* * * LOW HITPOINT WARNING * * *
The gnoll attacks as you move away! The gnoll is struck by your spines.
The gnoll hits you with a +0 flail.
* * * LOW HITPOINT WARNING * * *
The gnoll attacks as you move away! The gnoll is struck by your spines.
The gnoll barely misses you.
A jackal comes into view.
Found a stone staircase leading up.
You closely miss the gnoll. Your punch misses the gnoll.
The gnoll is severely wounded.
You hit the gnoll.
The gnoll is almost dead.
The gnoll barely misses you.
You hit the gnoll.
You kill the gnoll!
You see here a +0 flail.
You hit the jackal but do no damage. The jackal is struck by your spines.
You kill the jackal!
A gnoll comes into view. It is wielding a +0 halberd.
Casting: Necrotise (safe; 2% risk of failure)
Confirm with . or Enter, or press ? or * to list all spells.
Aiming: Necrotise (safe; 2% risk of failure)
Press: ? - help, Shift-Dir - straight line, f - gnoll
Aim: a gnoll, wielding a +0 halberd (wandering, hasn't noticed you, chance to affect: 85%)
The gnoll shouts!
The gnoll writhes in agony.
The gnoll hits you from afar with a +0 halberd!
You die...

#. #.#.# .....
#.#.# #.#.#
####.#.# #.#.#
#......#
#.#.###.##.###
#.....#.##.#
#....∩.)##.####.#.
#$..g..?.)........
#.@...###......>..
#.....# ##.####.##
###.### #.#
<#############.#
#.#
........)......#
#..
################
###


You could see a gnoll.

Vanquished Creatures
  A hound (D:3)
  A gnoll (D:3)
  2 adders (D:3)
  2 dart slugs (D:1)
  An orc (D:3)
  An endoplasm (D:1)
  2 goblins
  4 hobgoblins
  5 jackals
  2 quokkas (D:1)
  5 ball pythons (D:1)
  5 bats
  3 frilled lizards
  3 kobolds (D:1)
  3 rats
40 creatures vanquished.

Vanquished Creatures (collateral kills)
  2 gnolls (D:3)
  A kobold (D:1)
  A rat (D:1)
4 creatures vanquished.

Grand Total: 44 creatures vanquished

Notes
Turn   | Place    | Note
-------+----------+-------------------------------------------
     0 | D:1      | siradein the Demonspawn Necromancer began the quest for the
                  | Orb.
     0 | D:1      | Reached XP level 1. HP: 13/13 MP: 3/3
    42 | D:1      | Found Fawenyz's Book Boutique.
    53 | D:1      | Found Delippy's Armour Boutique.
   350 | D:1      | Reached skill level 1 in Fighting
   512 | D:1      | Gained mutation: You have a pair of small horns on your
                  | head. [demonic ancestry]
   512 | D:1      | Reached XP level 2. HP: 21/21 MP: 0/5
   634 | D:1      | Found Soffaor's Jewellery Boutique.
  1130 | D:1      | Found Vikkat's Antique Weapon Shoppe.
  1429 | D:2      | Gained mutation: You are partially covered in sharp spines.
                  | [demonic ancestry]
  1429 | D:2      | Reached XP level 3. HP: 21/27 MP: 2/6
  1637 | D:2      | Reached skill level 5 in Necromancy
  2039 | D:3      | Found a runed translucent gate.
  2039 | D:3      | Found a runed translucent gate.
  2039 | D:3      | Found a runed translucent gate.
  2042 | D:3      | Noticed ragingrage's ghost (weakling MiDe)
  2047 | D:3      | Identified the +6 whip of the Wilderness {speed, *Noise
                  | rPois Int+10 Stlth-}
  2061 | D:3      | Found a faded altar of an unknown god.
  2096 | D:3      | Reached skill level 1 in Unarmed Combat
  2096 | D:3      | Gained mutation: You are mostly covered in sharp spines.
                  | [demonic ancestry]
  2096 | D:3      | Reached XP level 4. HP: 31/33 MP: 2/7
  2284 | D:3      | Found a stormy altar of Qazlal.
  2298 | D:3      | Learned a level 4 spell: Animate Dead
  2374 | D:3      | Found Tiym's Magic Scroll Shoppe.
  2427 | D:3      | Slain by a gnoll

Illustrated notes

Levels and vault maps discovered:
D:1:      onia_arrival_handbag, layout_rooms, serial_shops, nicolae_square_shop,
          shop, shop, shop, nicolae_figureground_pulse
D:2:      layout_rooms, minmay_misc_feat_iff
D:3:      layout_loops_ring, lemuel_tele_altar, biasface_ghost_orc_armoury,
          serial_shops, shop, basic_ecumenical_altar, nrook_loot_triangle,
          serial_park_tiny_1, nicolae_figureground_sparkle, uniq_terence

Skill      XL: |  1  2  3 |
---------------+----------+-----
Fighting       | 1 2 |  2.6
Necromancy     | 5 |  5.4
Unarmed Combat | 1 |  1.6
Dodging        | |  1.7
Stealth        | |  1.7
Spellcasting   | |  2.0

Action                   |  1- 3 |  4- 6 || total
-------------------------+-------+-------++-------
Melee: Unarmed           |    39 |     9 ||    48
       Headbutt          |     5 |     2 ||     7
       Punch             |     1 |       ||     1
 Cast: Necrotise         |    57 |    13 ||    70
  Use: Scroll            |     3 |       ||     3
 Stab: Sleeping          |       |     1 ||     1
Armor: Robe              |     2 |       ||     2
       Leather armour    |    13 |     1 ||    14
Dodge: Dodged            |    36 |    12 ||    48

Table legend: (Time is in decaauts)
 A = Elapsed time spent in this place.
 B = Non-inter-level travel time spent in this place.
 C = Inter-level travel time spent in this place.
 D = Time resting spent in this place.
 E = Time spent auto-exploring this place.
 F = Levels seen in this place.
 G = Mean time per level.
                   A        B        C        D        E       F      G
               +--------+--------+--------+--------+--------+-----+--------+
         Total |   2426 |   2382 |     44 |      0 |   2058 |   3 |  808.7 |
       Dungeon |   2426 |   2382 |     44 |      0 |   2058 |   3 |  808.7 |
               +--------+--------+--------+--------+--------+-----+--------+

Top non-repeatable levels by time:
     D:1: 1402 daAuts
     D:2: 636 daAuts
     D:3: 387 daAuts
